 Dungeon Crawl Stone Soup version 0.27-a0-1273-gec92ba881d (webtiles) character file.

Game seed: 7201618854685082686

102 mordus the Poker (level 4, 0/40 HPs)
             Began as a Draconian Monk on June 11, 2021.
             Slain by Terence
             ... wielding a +0 hand axe
              (3 damage)
             ... on level 3 of the Dungeon.
             The game lasted 00:02:56 (2899 turns).

mordus the Poker (Draconian Monk)                   Turns: 2899, Time: 00:02:57

Health: 0/40       AC:  5    Str: 15    XL:     4   Next: 50%
Magic:  4/4        EV: 13    Int: 10    God:
Gold:   161        SH:  0    Dex: 13    Spells: 3/3 levels left

rFire    . . .     SeeInvis .   a - +0 spear
rCold    . . .     Faith    .   (no shield)
rNeg     . . .     Spirit   .   (armour unavailable)
rPois    .         Reflect  .   (helmet restricted)
rElec    .         Harm     .   (no cloak)
rCorr    .         Rampage  .   (no gloves)
Will     .....                  (no boots)
Stlth    ++........             (no amulet)
HPRegen  0.13/turn              (no ring)
MPRegen  0.09/turn              (no ring)

@: no status effects
A: AC +5, unfitting armour, cold-blooded
a: no special abilities


You were on level 3 of the Dungeon.
You visited 1 branch of the dungeon, and saw 3 of its levels.

You collected 161 gold pieces.

Inventory:

Hand Weapons
 a - a +0 spear (weapon)
Scrolls
 b - a scroll of teleportation {unknown}
 h - a scroll of amnesia {unknown}
 i - a scroll of acquirement {unknown}
Potions
 c - 2 potions of heal wounds {unknown}
 d - a potion of haste {unknown}
 e - a potion of curing {unknown}
 f - a potion of mutation {unknown}
 g - a potion of might {unknown}


   Skills:
 + Level 4.1 Fighting
 * Level 4.3 Polearms
 + Level 3.3 Dodging
 - Level 1.7 Stealth


You had 3 spell levels left.
You didn't know any spells.
Your spell library contained the following spells:

 Spells                   Type           Power      Damage    Failure   Level
 Confusing Touch          Hex            0%         N/A       75%         3
 Gell's Gravitas          Tloc           0%         N/A       75%         3
 Petrify                  Tmut/Erth      0%         N/A       98%         4
 Metabolic Englaciation   Hex/Ice        0%         N/A       100%        5
 Yara's Violent Unravell  Hex/Tmut       0%         3d3       100%        5


Dungeon Overview and Level Annotations

Branches:
Dungeon (3/15)

Altars:
Vehumet

Annotations:
D:3 Terence


Innate Abilities, Weirdness & Mutations

Your plain brown scales are hard. (AC +5)
You cannot fit into any form of body armour.
You are cold-blooded and may be slowed by cold attacks.


Message History

Terence is moderately wounded.
Terence hits you with a +0 hand axe.
You hit Terence but do no damage. You tail-slap Terence.
Terence is heavily wounded.
Terence hits you with a +0 hand axe.
You barely miss Terence.
You tail-slap Terence, but do no damage.
Terence is heavily wounded.
Terence barely misses you.
You hit Terence but do no damage.
Terence is heavily wounded.
Terence hits you with a +0 hand axe.
You hit Terence but do no damage.
Your tail-slap misses Terence.
Terence is heavily wounded.
You hit Terence but do no damage.
Your tail-slap misses Terence.
Terence is heavily wounded.
Terence hits you with a +0 hand axe.
* * * LOW HITPOINT WARNING * * *
You hit Terence.
You tail-slap Terence, but do no damage.
Terence is severely wounded.
Terence hits you but does no damage.
You hit Terence but do no damage.
Terence is severely wounded.
Terence hits you with a +0 hand axe.
* * * LOW HITPOINT WARNING * * *
You hit Terence but do no damage.
Terence is severely wounded.
Terence misses you.
You hit Terence but do no damage.
You tail-slap Terence, but do no damage.
Terence is severely wounded.
Terence hits you with a +0 hand axe.
* * * LOW HITPOINT WARNING * * *
You closely miss Terence.
Terence is severely wounded.
You hit Terence but do no damage.
Terence is severely wounded.
Terence hits you with a +0 hand axe.
You die...

#...........
..........#.....#...##
.................###. ..
...............##... ...
#...........##.....#
...#+.................##
...............#......##
..)....@...)...#.......#
.##....@.......#...##...
.................<..###.
........#####.....#...##
............'.....#.....
.........####.....#.#...
.........####....##.#...
....................#...
###.................#...
#.................#...


You could see Terence.

Vanquished Creatures
  3 adders (D:2)
  A gnoll (D:2)
  2 worms (D:2)
  2 dart slugs (D:1)
  3 endoplasms
  2 giant cockroaches (D:2)
  4 goblins
  5 hobgoblins
  3 jackals (D:1)
  6 kobolds
  A quokka (D:1)
  7 ball pythons
  6 bats
  3 frilled lizards
  9 rats
57 creatures vanquished.

Notes
Turn   | Place    | Note
-------+----------+-------------------------------------------
     0 | D:1      | mordus the Draconian Monk began the quest for the Orb.
     0 | D:1      | Reached XP level 1. HP: 19/19 MP: 1/1
   197 | D:1      | Reached XP level 2. HP: 26/26 MP: 2/2
  1123 | D:1      | Found a faded altar of an unknown god.
  1491 | D:2      | Reached XP level 3. HP: 33/33 MP: 3/3
  1675 | D:2      | Found a radiant altar of Vehumet.
  1774 | D:2      | Reached XP level 4. HP: 34/40 MP: 4/4
  2873 | D:3      | Noticed Terence
  2899 | D:3      | Slain by Terence

Illustrated notes

Levels and vault maps discovered:
D:1:      dpeg_arrival_rhombi, layout_loops_ring,
          shapermc_ecumenical_altar_notcrosses
D:2:      wad_river_or_something, layout_basic, basic_altar
D:3:      layout_basic, jmf_multi_god_temple, minmay_misc_feat_iff,
          minivault_14, uniq_terence, uniq_grinder

Skill      XL: |  1  2  3  4 |
---------------+-------------+-----
Dodging        | 3 |  3.3
Polearms       | 4 |  4.3
Fighting       | 4 |  4.1
Stealth        | |  1.7

Action                   |  1- 3 |  4- 6 || total
-------------------------+-------+-------++-------
Melee: Spear             |   171 |    83 ||   254
       Tailslap          |    12 |    10 ||    22
 Stab: Sleeping          |     7 |     5 ||    12
Armor: Skin              |    30 |     9 ||    39
Dodge: Dodged            |    90 |    37 ||   127

Table legend: (Time is in decaauts)
 A = Elapsed time spent in this place.
 B = Non-inter-level travel time spent in this place.
 C = Inter-level travel time spent in this place.
 D = Time resting spent in this place.
 E = Time spent auto-exploring this place.
 F = Levels seen in this place.
 G = Mean time per level.
                   A        B        C        D        E       F      G
               +--------+--------+--------+--------+--------+-----+--------+
         Total |   2880 |   2769 |    111 |    477 |   1872 |   3 |  960.0 |
       Dungeon |   2880 |   2769 |    111 |    477 |   1872 |   3 |  960.0 |
               +--------+--------+--------+--------+--------+-----+--------+

Top non-repeatable levels by time:
     D:1: 1429 daAuts
     D:2: 1159 daAuts
     D:3: 290 daAuts
